 Dungeon Sprint DCSS version 0.29.1-15-g9cfb28693d (webtiles) character file.

Game seed: 1936209387310901422

112 fozzywoppz the Trooper (level 4, -3/67 HPs)
             Began as a Minotaur Fighter on Mar 22, 2023.
             Killed from afar by a deep elf pyromancer (7 damage)
             ... with a sticky flame
             ... in the Dungeon (Sprint III: "The Ten Rune Challenge").
             The game lasted 00:01:42 (603 turns).

fozzywoppz the Trooper (Minotaur Fighter)            Turns: 603, Time: 00:01:42

Health: -3/67      AC:  7    Str: 22    XL:     4   Next: 63%
Magic:  3/3        EV:  9    Int:  5    God:
Gold:   25         SH:  5    Dex: 10    Spells: 3/3 levels left

rFire   . . .      SeeInvis .   a - +0 war axe
rCold   . . .      Faith    .   c - +0 buckler
rNeg    . . .      Spirit   .   b - +0 scale mail
rPois   .          Reflect  .   (helmet restricted)
rElec   .          Harm     .   k - scarf {shadows}
rCorr   .          Rampage  .   (no gloves)
Will    .....      NoTele   +   (no boots)
Stlth   ..........              (no amulet)
HPRegen 0.21/turn               (no ring)
MPRegen 0.08/turn               (no ring)

@: berserking, on fire, glowing, very quick
A: horns 2, retaliatory headbutt
a: no special abilities


You were in the Dungeon.
You visited 1 branch You collected 25 gold pieces.

Inventory:

Hand Weapons
 a - a +0 war axe (weapon)
Armour
 b - a +0 scale mail (worn)
 c - a +0 buckler (worn)
 k - a scarf of shadows (worn)
Scrolls
 j - a scroll of blinking
 m - 2 scrolls of torment
Potions
 d - a potion of might
 e - a potion of curing
 f - a potion of heal wounds
 g - 2 potions of haste
 h - 2 potions of magic
 l - 3 potions of mutation
 o - 2 potions of flight


   Skills:
 + Level 6.6 Fighting
 + Level 6.0 Axes
 + Level 6.6 Armour
 - Level 6.6 Shields


You had 3 spell levels left.
You didn't know any spells.
Your spell library was empty.

Dungeon Overview and Level Annotations

Branches:
Dungeon (1/1)

Altars:
Elyvilon
Zin
The Shining One


Innate Abilities, Weirdness & Mutations

You have a pair of horns on your head.
You reflexively headbutt those who attack you in melee.


Message History

You closely miss the deep elf pyromancer.
The deep elf pyromancer closely misses you.
You furiously retaliate!
You headbutt the deep elf pyromancer.
You closely miss the deep elf pyromancer.
The deep elf pyromancer is lightly wounded.
The deep elf pyromancer points at you and mumbles some strange words.
The bolt of fire hits you!!
Ouch! That really hurt!
You hit the deep elf pyromancer.
The deep elf pyromancer is moderately wounded.
You block the deep elf pyromancer's attack.
The deep elf pyromancer hits you but does no damage.
Unknown command.
A red film seems to cover your vision as you go berserk!
You feel yourself moving faster!
You feel mighty!
The deep elf pyromancer casts a spell at you.
The sticky flame hits you!
You are covered in liquid flames!
* * * LOW HITPOINT WARNING * * *
You slash the deep elf pyromancer!
The deep elf pyromancer is severely wounded.
You are covered in liquid flames!
* * * LOW HITPOINT WARNING * * *
You closely miss the deep elf pyromancer.
Your headbutt misses the deep elf pyromancer.
The deep elf pyromancer is severely wounded.
You are covered in liquid flames!
* * * LOW HITPOINT WARNING * * *
The deep elf pyromancer closely misses you.
Unknown command.
You miss the deep elf pyromancer.
Your headbutt misses the deep elf pyromancer.
The deep elf pyromancer is severely wounded.
You are covered in liquid flames!
* * * LOW HITPOINT WARNING * * *
You are no longer on fire.
The deep elf pyromancer casts a spell at you.
The sticky flame hits you!
You are covered in liquid flames!
You die...

▓▓▓▓▓▓▓▓ ▓▓▓ .'.....♣♣
♣.##### .#......♣
♣♣.#___# ##....♣.♣
♣..#!e.#
.#....~.♣♣♣♣.###@#+###+
.#...~~♣.....#.........
.#..~~~~..♣..'.⌠.......
'#..~≈≈~~~...#...######
)#.~~≈~~~....#.⌠.#
.#.~≈~~~.....#...#
.#.~~~.......#+###
##...........#
.............#


You could see a deep elf pyromancer.

Vanquished Creatures
  A water elemental (D)
  Jessica (D)
  A human (D)
  A phantom (D)
  2 endoplasms (D)
  A rat (D)
7 creatures vanquished.

Notes
Turn   | Place    | Note
-------+----------+-------------------------------------------
     0 | D        | fozzywoppz the Minotaur Fighter began the quest for the
                  | Orb.
     0 | D        | Reached XP level 1. HP: 19/19 MP: 0/0
    98 | D        | Noticed Jessica
   105 | D        | Killed Jessica
   106 | D        | Reached skill level 5 in Fighting
   106 | D        | Reached skill level 5 in Armour
   106 | D        | Reached skill level 5 in Shields
   106 | D        | Reached XP level 2. HP: 15/29 MP: 1/1
   106 | D        | Reached XP level 3. HP: 19/36 MP: 2/2
   350 | D        | Noticed a water elemental
   357 | D        | Killed a water elemental
   358 | D        | Reached XP level 4. HP: 10/45 MP: 3/3
   595 | D        | Found a glowing silver altar of Zin.
   595 | D        | Found a glowing golden altar of the Shining One.
   595 | D        | Found a white marble altar of Elyvilon.
   596 | D        | Noticed a deep elf pyromancer
   603 | D        | Killed from afar by a deep elf pyromancer

Illustrated notes

Levels and vault maps discovered:
D:        dungeon_sprint_mu [sprint_mu_entry_forest, sprint_mu_temple_rooms,
          sprint_mu_d1_horrors, sprint_mu_d2_genie, sprint_mu_d3_branching,
          sprint_mu_orc_legion, sprint_mu_elf_gauntlet, sprint_mu_hive_nellie,
          sprint_mu_lair_fedhas, sprint_mu_vaults_butterflies,
          sprint_mu_slime_circle, sprint_mu_shoals_archi,
          sprint_mu_snake_twists, sprint_mu_blade_basic,
          sprint_mu_crypt_chambers, sprint_mu_tomb_spiral,
          sprint_mu_vestibule_basic, sprint_mu_gehenna_hellfire,
          sprint_mu_dis_giant, sprint_mu_tartarus_statrot,
          sprint_mu_cocytus_islands, sprint_mu_zot1]

Skill      XL: |  1  2  3 |
---------------+----------+-----
Fighting       | 5 6 |  6.6
Armour         | 5 6 |  6.6
Shields        | 5 6 |  6.6
Axes           | 4 6 |  6.0

Action                   |  1- 3 |  4- 6 || total
-------------------------+-------+-------++-------
Melee: War axe           |    33 |     6 ||    39
       Headbutt          |     6 |       ||     6
  Use: Scroll            |     4 |       ||     4
       Potion            |       |     1 ||     1
Armor: Scale mail        |     7 |     1 ||     8
Dodge: Dodged            |    15 |     2 ||    17
Block: Buckler           |     4 |     1 ||     5
